 Dungeon Crawl Stone Soup version 0.18-a0-1203-gbde16db (webtiles) character file.

5 mrath the Digger (level 1, -1/10 HPs)
             Began as a Gargoyle Earth Elementalist on Jan 31, 2016.
             Slain by a kobold
             ... wielding a +1 short sword of venom
              (3 damage)
             ... on level 1 of the Dungeon.
             The game lasted 00:03:04 (267 turns).

mrath the Digger (Gargoyle Earth Elementalist)       Turns: 267, Time: 00:03:05

Health: -1/10      AC:  4    Str: 11    XL:     1   Next: 80%
Magic:  2/3        EV: 12    Int: 15    God:
Gold:   11         SH:  0    Dex: 10    Spells: 1 memorised, 3 levels left

rFire  . . .     SeeInvis .     g - +0 club
rCold  . . .     Gourm    .     a - +0 robe
rNeg   + . .     Faith    .     (no shield)
rPois  ∞         Spirit   .     (no helmet)
rElec  +         Dismiss  .     (no cloak)
rCorr  .         Reflect  .     (no gloves)
SustAt .         Harm     .     (no boots)
MR     .....                    (no amulet)
Stlth  ++........               (no ring)
                                (no ring)

@: very slightly contaminated, not resistant to hostile enchantments, unstealthy
A: negative energy resistance 1, electricity resistance, unbreathing,
petrification resistance, rot immunity, AC +2
a: no special abilities


You were on level 1 of the Dungeon.
You were not hungry.

You visited 1 branch of the dungeon, and saw 1 of its levels.

You collected 11 gold pieces.

Inventory:

Hand Weapons
 g - a +0 club (weapon)
Missiles
 b - 16 stones (quivered)
Armour
 a - a +0 robe (worn)
Scrolls
 e - a scroll of noise {unknown}
 f - a scroll of identify {unknown}
 h - a scroll of teleportation {unknown}
 j - a scroll of amnesia {unknown}
Books
 c - a book of Geomancy

   Spells                             Type                      Level
   a - Sandblast                      Earth                        1
   b - Stoneskin                      Transmutation/Earth          2
   c - Passwall                       Transmutation/Earth          3
   d - Stone Arrow                    Conjuration/Earth            3
   e - Petrify                        Transmutation/Earth          4
   f - Lee's Rapid Deconstruction     Earth                        5
Comestibles
 d - 2 bread rations
 i - a meat ration
 k - a beef jerky
 l - 3 chunks of flesh


   Skills:
 - Level 1.5 Dodging
 - Level 2.1 Stealth
 * Level 2.2 Spellcasting
   Level 0.7 Transmutations
 + Level 3.8 Earth Magic


You had 3 spell levels left.
You knew the following spells:

 Your Spells              Type           Power        Failure   Level  Hunger
a - Sandblast             Erth           ##....       6%          1    #......


Dungeon Overview and Level Annotations

Branches:
Dungeon (1/15)

Altars:


Innate Abilities, Weirdness & Mutations

You are resistant to torment.
Your stone body is resilient (AC +2).
You are immune to poison.
You resist negative energy.
You are resistant to electric shocks.
You can survive without breathing.
You are immune to petrification.
You are immune to rotting.


Message History

You hit the hobgoblin.
The hobgoblin is moderately wounded.
The hobgoblin closely misses you.
The hobgoblin hits you but does no damage.
Casting: Sandblast
Confirm with . or Enter, or press ? or * to list all spells.
Aiming: Sandblast
Press: ? - help, Shift-Dir - straight line, f/p - hobgoblin
Aim: a hobgoblin (moderately wounded)
You miscast Sandblast.
Nothing appears to happen.
The hobgoblin barely misses you. The hobgoblin barely misses you.
There is an open door here.
The hobgoblin hits you.
* * * LOW HITPOINT WARNING * * *
A kobold comes into view. It is wielding a short sword of venom.
The kobold shouts!
The kobold barely misses you.
The kobold hits you with a short sword of venom.
You die...

### #.# #.# ######### #.#
#.......# #######
####.######.......# #...... ###
#.##..............# #....).
##.###.##.......@......# #......
.............###.Kg....# ######'
.....#.#.....# #.......# ##.
.....#.#.....# #.......# #..
.......#.....# #.......# #..
.............###.......########..
.....#.##>.......................
.....#.............############..
.................#.# #..........


You could see a hobgoblin and a kobold.

Vanquished Creatures
  A bat (D:1)
  A goblin (D:1)
  A hobgoblin (D:1)
  2 rats (D:1)
5 creatures vanquished.

Notes
Turn   | Place    | Note
--------------------------------------------------------------
     0 | D:1      | mrath the Gargoyle Earth Elementalist began the quest for the Orb.
     0 | D:1      | Reached XP level 1. HP: 10/10 MP: 3/3
   267 | D:1      | Slain by a kobold

Vault maps used:
D:1:      lightli_iron_boxes

Action                   || total
-------------------------++-------
Melee: Club              ||     7
 Cast: Sandblast         ||     8
